 Dungeon Crawl Stone Soup version 0.29.1-1-gd02db6906a (webtiles) character file.

Game seed: 6479163151753258258

186 LustLizard the Sneak (level 5, 0/26 HPs)
             Began as a Spriggan Arcane Marksman on Sept 21, 2022.
             Slain by a water moccasin (6 damage)
             ... in a sewer.
             The game lasted 00:05:29 (3442 turns).

LustLizard the Sneak (Spriggan Arcane Marksman)     Turns: 3442, Time: 00:05:29

Health: 0/26       AC:  2    Str:  6    XL:     5   Next: 38%
Magic:  5/8        EV: 17    Int: 15    God:
Gold:   151        SH:  0    Dex: 17    Spells: 2/6 levels left

rFire   + . .      SeeInvis +   a - +1 sling
rCold   . . .      Faith    .   (no shield)
rNeg    . . .      Spirit   .   c - +0 robe
rPois   .          Reflect  .   (helmet restricted)
rElec   .          Harm     .   (no cloak)
rCorr   .          Rampage  .   (gloves unavailable)
Will    .....                   (boots unavailable)
Stlth   +++.......              (no amulet)
HPRegen 0.08/turn               e - ring of protection from fire
MPRegen 0.11/turn               (no ring)

@: very slightly contaminated, very quick
A: very small, no large weapons, unfitting armour, see invisible, speed 3
a: no special abilities


You were in a sewer.
You visited 1 branch of the dungeon, and saw 4 of its levels.
You also visited: Sewer.

You collected 151 gold pieces.

Inventory:

Hand Weapons
 a - a +1 sling (weapon)
Armour
 c - a +0 robe (worn)
Jewellery
 e - a ring of protection from fire (left hand)
 j - a ring of fire
Scrolls
 b - a scroll of poison
 g - a scroll of blinking {unknown}
 h - 2 scrolls of amnesia {unknown}
 o - a scroll of teleportation {unknown}
 q - a scroll of enchant weapon {unknown}
Potions
 d - a potion of flight
 f - a potion of attraction
 i - a potion of heal wounds
 k - a potion of berserk rage
 l - a potion of lignification
 m - a potion of curing
 n - a potion of resistance {unknown}
 p - 2 potions of magic


   Skills:
 + Level 1.7 Fighting
 * Level 3.4 Ranged Weapons
 - Level 2.6 Dodging
 * Level 4.4 Stealth
 - Level 1.3 Spellcasting
 - Level 4.0 Hexes
 * Level 3.0 Translocations


You had 2 spell levels left.
You knew the following spells:

 Your Spells              Type           Power      Damage    Failure   Level
a - Slow                  Hex            52%        N/A       4%          1
b - Portal Projectile     Hex/Tloc       22%        N/A       17%         3

Your spell library contained the following spells:

 Spells                   Type           Power      Damage    Failure   Level
 Sting                    Tmut/Pois      4%         1d3       24%         1
 Poisonous Vapours        Pois/Air       2%         N/A       34%         2
 Inner Flame              Hex/Fire       7%         N/A       30%         3
 Cause Fear               Hex            6%         N/A       41%         4
 Olgreb's Toxic Radiance  Pois           1%         N/A       93%         4


Dungeon Overview and Level Annotations

Branches:
Dungeon (4/15)              Sewer (1/1)
 Temple: D:4-7

Altars:

Shops:
D:1 (   D:4 :

Annotations:
D:4 Edmund


Innate Abilities, Weirdness & Mutations

You are very small and have problems with some larger weapons.
You are too small for most types of armour.
You have supernaturally acute eyesight. (SInv)
You cover ground extremely quickly. (Speed+++)


Message History

The water moccasin seems to slow down.
The water moccasin misses you.
You shoot a sling bullet.
The sling bullet closely misses the water moccasin.
You shoot a sling bullet.
The sling bullet closely misses the water moccasin.
You shoot a sling bullet.
The sling bullet completely misses the water moccasin.
The water moccasin misses you.
You shoot a sling bullet.
The sling bullet closely misses the water moccasin.
You shoot a sling bullet.
The sling bullet hits the water moccasin.
The water moccasin is lightly wounded.
You shoot a sling bullet.
The sling bullet barely misses the water moccasin.
The water moccasin barely misses you.
You shoot a sling bullet.
The sling bullet closely misses the water moccasin.
The water moccasin bites you.
You shoot a sling bullet.
The sling bullet hits the water moccasin.
The water moccasin is moderately wounded.
The water moccasin bites you!
You are poisoned.
The water moccasin poisons you! The water moccasin closely misses you.
You feel better.
The water moccasin is no longer moving slowly.
Casting: Slow (safe; 4% risk of failure)
Confirm with . or Enter, or press ? or * to list all spells.
Aiming: Slow (safe; 4% risk of failure)
Press: ? - help, Shift-Dir - straight line, f/p - water moccasin
Aim: a water moccasin (moderately wounded, chance to affect: 51%)
You miscast Slow.
You are very lightly contaminated with residual magic.
Nothing appears to happen.
The water moccasin bites you! x2
* * * LOW HITPOINT WARNING * * *
You enter the shallow water.
Moving in this stuff is going to be slow.
The water moccasin bites you.
You die...

#############
#......#....#
.......#.∩∩.#
......#....#
#....#..###
####...#...####
~~~~~~~~†~~~~~#
#...@†..####
####S#### #.#
##.## #.~.#
##...## #..~..#
#.~~.~##
#.~.#.~.#


You could see a water moccasin.

Vanquished Creatures
  An ogre (D:3)
  4 adders
  A worm (D:4)
  A dart slug (D:4)
  An orc (D:3)
  8 bats
  2 endoplasms
  5 giant cockroaches
  7 goblins
  3 hobgoblins
  4 jackals (Sewer)
  5 kobolds
  3 quokkas
  5 ball pythons
  5 frilled lizards
  7 rats
62 creatures vanquished.

Notes
Turn   | Place    | Note
-------+----------+-------------------------------------------
     0 | D:1      | LustLizard the Spriggan Arcane Marksman began the quest for
                  | the Orb.
     0 | D:1      | Reached XP level 1. HP: 9/9 MP: 3/3
    96 | D:1      | Reached skill level 1 in Stealth
   176 | D:1      | Found Raciafik's Antique Weapon Emporium.
   454 | D:1      | Reached XP level 2. HP: 14/14 MP: 5/5
   492 | D:1      | Reached skill level 1 in Fighting
  1645 | D:2      | Reached XP level 3. HP: 18/18 MP: 6/6
  1666 | D:2      | Learned a level 3 spell: Portal Projectile
  1835 | D:2      | Found a faded altar of an unknown god.
  2159 | D:2      | Reached skill level 1 in Translocations
  2516 | D:3      | Noticed an ogre
  2562 | D:3      | Killed an ogre
  2563 | D:3      | Reached XP level 4. HP: 22/22 MP: 3/7
  2563 | D:3      | Reached XP level 5. HP: 25/25 MP: 3/8
  3204 | D:4      | Found Paaqint's Tremendous Tomes.
  3204 | D:4      | Noticed Edmund
  3299 | D:4      | Found a glowing drain.
  3342 | Sewer    | Entered a sewer
  3411 | Sewer    | Noticed a water moccasin
  3442 | Sewer    | Slain by a water moccasin

Illustrated notes

Levels and vault maps discovered:
D:1:      lightli_arrival_lavapool, layout_basic, serial_shops,
          nicolae_square_shop
D:2:      layout_loops_ring, hellmonk_ecumenical_altar_pennies_from_heaven,
          minmay_misc_feat_enclosed
D:3:      layout_loops_ring
D:4:      layout_basic, serial_shops, nicolae_take_the_stairs,
          cheibrodos_sewer_entry_bend, nicolae_shop_i_like_big_books,
          uniq_edmund, uniq_duvessa
Sewer:    sewer_the_moccasin

Skill      XL: |  1  2  3  4  5 |
---------------+----------------+-----
Stealth        | 1 2 4 |  4.4
Fighting       | 1 |  1.7
Hexes          | 4 |  4.0
Translocations | 2 3 |  3.0
Ranged Weapons | 3 |  3.4
Dodging        | |  2.6
Spellcasting   | |  1.3

Action                   |  1- 3 |  4- 6 || total
-------------------------+-------+-------++-------
 Fire: Sling             |   137 |    64 ||   201
 Cast: Slow              |     7 |     6 ||    13
  Use: Scroll            |     4 |     3 ||     7
       Potion            |       |     1 ||     1
Armor: Robe              |     7 |     4 ||    11
Dodge: Dodged            |    62 |    29 ||    91
